 Dungeon Crawl Stone Soup version 0.25-b1-37-g2669288c55 (webtiles) character file.

Game seed: 10033173109932828959

19 nightchill the Skirmisher (level 2, -6/26 HPs)
             Began as a Ghoul Fighter on June 4, 2020.
             Mangled by an ogre
             ... wielding a +0 giant club
              (13 damage)
             ... on level 2 of the Dungeon.
             The game lasted 00:01:47 (825 turns).

nightchill the Skirmisher (Ghoul Fighter)            Turns: 825, Time: 00:01:48

Health: -6/26      AC: 12    Str: 19    XL:     2   Next: 75%
Magic:  1/1        EV:  3    Int:  3    God:
Gold:   120        SH:  8    Dex:  8    Spells: 1/1 levels left

rFire    . . .     SeeInvis .   a - +0 war axe
rCold    + . .     Gourm    .   c - +0 kite shield
rNeg     + + +     Faith    .   h - +0 plate armour
rPois    ∞         Spirit   .   e - +0 helmet
rElec    .         Reflect  .   (no cloak)
rCorr    .         Harm     .   (no gloves)
MR       .....                  (no boots)
Stlth    ..........             (no amulet)
HPRegen  0.00/turn              (no ring)
MPRegen  0.07/turn              (no ring)

@: rotting
A: rotting body, claws 1, carnivore, cold resistance 1, negative energy
resistance 3, inhibited regeneration, torment resistance, unbreathing
a: no special abilities


You were on level 2 of the Dungeon.
You were not hungry.

You visited 1 branch of the dungeon, and saw 2 of its levels.

You collected 120 gold pieces.

Inventory:

Hand Weapons
 a - a +0 war axe (weapon)
Missiles
 n - 35 stones (quivered)
Armour
 b - a +0 scale mail
 c - a +0 kite shield (worn)
 e - a +0 helmet (worn)
 h - a +0 plate armour (worn)
Jewellery
 l - an uncursed amulet of the acrobat {unknown}
 t - a +6 ring of strength {unknown}
Scrolls
 g - 2 scrolls of identify {unknown}
 i - a scroll of enchant weapon {unknown}
 m - a scroll of teleportation {unknown}
 r - a scroll of magic mapping {unknown}
 u - a scroll of remove curse {unknown}
 x - a scroll of immolation {unknown}
Potions
 d - a potion of might
 k - 2 potions of invisibility {unknown}
 o - 2 potions of resistance {unknown}
 p - a potion of brilliance {unknown}
 q - a potion of stabbing {unknown}
 s - a potion of magic {unknown}
 v - 2 potions of degeneration {unknown}
 w - a potion of lignification {unknown}
Comestibles
 f - 7 rations
 j - a chunk of flesh


   Skills:
 + Level 3.6 Fighting
 * Level 2.6 Axes
 - Level 2.7 Armour
 - Level 2.7 Shields


You had one spell level left.
You didn't know any spells.
Your spell library was empty.

Dungeon Overview and Level Annotations

Branches:
Dungeon (2/15)

Altars:


Innate Abilities, Weirdness & Mutations

Your body is rotting away.
You thrive on raw meat.
You are immune to poison.
You have sharp fingernails.
You are carnivorous and can eat meat at any time.
Your flesh is cold resistant. (rC+)
You are immune to negative energy. (rN+++)
You do not regenerate when monsters are visible.
You are immune to unholy pain and torment.
You can survive without breathing.


Message History

An ogre is nearby!
You hit the ogre.
The ogre is lightly wounded.
You block the ogre's attack.
You closely miss the ogre.
The ogre is lightly wounded.
The ogre hits you with a +0 giant club.
You barely miss the ogre.
The ogre is lightly wounded.
The ogre hits you with a +0 giant club!!
Ouch! That really hurt!
* * * LOW HITPOINT WARNING * * *
Your shield and plate armour prevent you from hitting the ogre.
The ogre is lightly wounded.
You block the ogre's attack.
You slash the ogre!
The ogre is heavily wounded.
The ogre hits you with a +0 giant club!
Ouch! That really hurt!
You die...

............###########
##.###.#.#######
...#.......########
#.########.......... #.
................. #.
..####...........
<.###.##.# #...........
......O..####...........
####@# ..............
#....#....#..........
#.#########..........
#.......# #..........
##....#.###..........
#.##.#.##...#####...
#.#....##.#.# ####
..#.#.......#
####.#.###.###


You could see an ogre.

Vanquished Creatures
  A ball python (D:2)
  3 goblins (D:1)
  2 hobgoblins (D:1)
  2 jackals (D:1)
  A frilled lizard (D:1)
  3 kobolds (D:1)
  8 rats (D:1)
20 creatures vanquished.

Notes
Turn   | Place    | Note
-------+----------+-------------------------------------------
     0 | D:1      | nightchill the Ghoul Fighter began the quest for the Orb.
     0 | D:1      | Reached XP level 1. HP: 19/19 MP: 0/0
   150 | D:1      | Reached XP level 2. HP: 24/26 MP: 1/1
   820 | D:2      | Noticed an ogre
   825 | D:2      | Mangled by an ogre

Illustrated notes

Levels and vault maps discovered:
D:1:      psy_arrival_spokes, layout_basic
D:2:      layout_basic, first_ration

Skill      XL: |  1 |
---------------+----+-----
Axes           | 2 |  2.6
Fighting       | |  3.6
Armour         | |  2.7
Shields        | |  2.7

Action                   || total
-------------------------++-------
Melee: War axe           ||    60
  Eat: Chunk             ||     2
Armor: Plate armour      ||    24
Dodge: Dodged            ||     7
Block: Kite shield       ||    31
